 Dungeon Crawl Stone Soup version 0.25.1-2-g60ff931df9 (webtiles) character file.

Game seed: 3000893966402854539

5636 Ivernyr the Transmogrifier (level 10, -9/58 HPs)
             Began as an Octopode Transmuter on Oct 13, 2020.
             Was a Priest of Cheibriados.
             Mangled by a vampire (10 damage)
             ... on level 9 of the Dungeon.
             The game lasted 00:53:49 (13707 turns).

Ivernyr the Transmogrifier (Octopode Transmuter)   Turns: 13707, Time: 00:53:51

Health: -9/58      AC:  7    Str: 17    XL:     10   Next: 74%
Magic:  22/28      EV: 20    Int: 32    God:    Cheibriados [***...]
Gold:   373        SH:  0    Dex: 22    Spells: 3/21 levels left

rFire    x . .     SeeInvis +     - Unarmed
rCold    + . .     Gourm    .   (no shield)
rNeg     . . .     Faith    .   E - +2 hat {SInv}
rPois    .         Spirit   .   (no amulet)
rElec    .         Reflect  .   s - +6 ring of intelligence
rCorr    .         Harm     .   t - ring of magical power
MR       .....                  x - +4 ring of protection
Stlth    +++.......             y - ring of ice
HPRegen  0.19/turn              (no ring)
MPRegen  0.21/turn              (no ring)
                                (no ring)
                                (no ring)

@: very slow
A: almost no armour, stealthy swim, amphibious, 8 rings, constrict 8, camouflage
1, gelatinous body 1
a: Bend Time, Temporal Distortion, Renounce Religion


You were on level 9 of the Dungeon.
You worshipped Cheibriados.
Cheibriados was most pleased with you.
You were not hungry.

You visited 2 branches of the dungeon, and saw 10 of its levels.
You also visited: Bailey.

You collected 373 gold pieces.

Inventory:

Missiles
 a - 54 arrows
 k - 35 poisoned darts (quivered)
Armour
 E - a +2 hat of see invisible (worn)
Jewellery
 s - a +6 ring of intelligence (left tentacle)
 t - a ring of magical power (right tentacle)
 x - a +4 ring of protection (on tentacle)
 y - a ring of ice (on tentacle)
Wands
 b - a wand of disintegration (12)
 w - a wand of iceblast (20)
 C - a wand of polymorph (3)
 D - a wand of enslavement (8)
Scrolls
 g - 5 scrolls of fear
 i - a scroll of teleportation
 n - 7 scrolls of remove curse
 o - 6 scrolls of identify
 p - 3 scrolls of enchant weapon {unknown}
 q - a scroll of amnesia {unknown}
 r - a scroll of random uselessness {unknown}
 u - a scroll of immolation {unknown}
 v - a scroll of acquirement {unknown}
Potions
 d - 3 potions of haste {unknown}
 e - 4 potions of brilliance {unknown}
 f - 4 potions of curing {unknown}
 h - 4 potions of lignification {unknown}
 j - 3 potions of degeneration {unknown}
 l - 4 potions of berserk rage {unknown}
 z - a potion of mutation {unknown}
 A - 4 potions of heal wounds {unknown}
Comestibles
 c - 8 rations


   Skills:
 - Level 1.0 Fighting
 + Level 7.3 Dodging
 + Level 7.7 Unarmed Combat
 - Level 6.1 Spellcasting
 - Level 9.3 Transmutations
 * Level 3.9 Ice Magic
 + Level 2.9 Invocations


You had 3 spell levels left.
You knew the following spells:

 Your Spells              Type           Power        Failure   Level  Hunger
a - Beastly Appendage     Tmut           ######       1%          1    None
b - Sticks to Snakes      Tmut           ######..     1%          2    None
c - Spider Form           Tmut/Pois      #####.....   1%          3    None
d - Blade Hands           Tmut           ######....   2%          5    #####..
e - Ozocubu's Armour      Chrm/Ice       ####....     6%          3    None
f - Ice Form              Ice/Tmut       ######..     3%          4    ##.....

Your spell library contained the following spells:

 Spells                   Type           Power        Failure   Level  Hunger
 Freeze                   Ice            ####         1%          1    None
 Frozen Ramparts          Ice            ######       2%          3    None
 Animate Skeleton         Necr           N/A          4%          1    None
 Apportation              Tloc           #.....       4%          1    None
 Corona                   Hex            #......      4%          1    None
 Summon Small Mammal      Summ           #...         4%          1    None
 Hailstorm                Conj/Ice       ####....     21%         4    ##.....
 Summon Ice Beast         Ice/Summ       ####....     21%         4    ##.....


Dungeon Overview and Level Annotations

Branches:
Dungeon (9/15)             Temple (1/1) D:4          Bailey (visited)
   Lair: D:8-11         Orc: D:9-12

Altars:
Ashenzari
Cheibriados
Dithmenos
Elyvilon
Fedhas
Gozag
Hepliaklqana
Kikubaaqudgha
Makhleb
Nemelex Xobeh
Okawaru
Qazlal
Ru
Sif Muna
Trog
Uskayaw
Vehumet
Wu Jian
Xom
Yredelemnul
Zin
The Shining One


Innate Abilities, Weirdness & Mutations

You cannot wear most types of armour.
You are very stealthy in the water. (Stealth+)
You are amphibious.
You can wear up to eight rings at the same time.
You can use your tentacles to constrict eight enemies at once.
Your skin changes colour to match your surroundings (Stealth+).
Your rubbery body absorbs attacks. (AC +1, EV +1)


Message History

The vampire barely misses your adder.
Your adder closely misses your adder.
Casting: Sticks to Snakes (safe; 1% risk of failure)
Confirm with . or Enter, or press ? or * to list all spells.
You create 3 snakes!
You now have 54 arrows.
Your adder closely misses you.
Your adder closely misses the vampire.
You swap places.
Your adder withers and dies!
Your adder seems less confused.
Your adder barely misses the vampire. x2; The vampire closely misses you.
The vampire bites you!
* * * LOW HITPOINT WARNING * * *
The vampire draws strength from your injuries!
Your adder closely misses the vampire.
Okay, then.
As you read the scroll of fear, it crumbles to dust.
You assume a fearsome visage.
The vampire is unaffected.
Your adder barely misses the vampire.
Your adder bites the vampire but does no damage.
The vampire hits you but does no damage.
The vampire bites you!
You die...

#.# #.#.# ######.#
#.#.# #####....#.##
.#.#.# #.....8.....#
.#.†.#
##..8.....8..#..#...#
..........S..#..#...#
...........S....#...#
..8....∩..SV8#..#.#.#
.........SS@S####.#.#
..........S.........#
#...8.....8.........#
.......8......##..#.#
..#.#.....##..##..#.#
# #.#....###..##..#.#
# #.........##..#.#
#.#.......##..#.#
#.........##....#


You could see a vampire (invisible) and 7 friendly adders.

Vanquished Creatures
  Pikel (D:5)
  Psyche (D:8)
  A centaur zombie (D:6)
  2 hippogriffs
  Grum (D:8)
  2 sky beasts
  2 ice beasts (D:8)
  2 slaves
  2 black bears
  A necrophage (D:7)
  3 wolves (D:8)
  A crocodile (D:8)
  3 centaurs
  5 bullfrogs
  A scorpion (D:4)
  5 killer bees (D:7)
  2 crimson imps (D:7)
  2 bullfrog zombies (D:6)
  A jelly (D:7)
  2 orc priests
  A bullfrog skeleton (D:6)
  3 centaur skeletons
  2 iguanas
  Terence (D:3)
  8 worker ants
  4 orc wizards
  A hound zombie (D:5)
  A hound skeleton (D:6)
  A howler monkey zombie (D:6)
  A howler monkey skeleton (D:6)
  10 adders
  7 gnolls
  4 shadow imps
  An ooze (D:2)
  An adder skeleton (D:4)
  An adder zombie (D:5)
  A worm (D:3)
  4 dart slugs
  9 leopard geckos
  8 orcs
  5 giant cockroaches
  4 goblins
  3 hobgoblins
  2 jackals (D:5)
  8 quokkas
  10 bats
  8 frilled lizards
  8 kobolds
  2 leopard gecko zombies (D:6)
  A quokka zombie (D:8)
  5 rats
165 creatures vanquished.

Vanquished Creatures (collateral kills)
  Gastronok (D:8)
  Harold (D:7)
  Maggie (D:8)
  A hungry ghost (D:6)
  An orc warrior (D:7)
  A wolf (D:8)
  Blork the orc (D:6)
  An orc wizard (D:7)
  An orc (D:6)
9 creatures vanquished.

Vanquished Creatures (others)
  A slave (D:6)
  An orc wizard (D:6)
  3 orcs (D:6)
5 creatures vanquished.

Grand Total: 179 creatures vanquished

Notes
Turn   | Place    | Note
-------+----------+-------------------------------------------
     0 | D:1      | Ivernyr the Octopode Transmuter began the quest for the
                  | Orb.
     0 | D:1      | Reached XP level 1. HP: 13/13 MP: 3/3
   100 | D:1      | Reached XP level 2. HP: 18/18 MP: 5/5
   134 | D:1      | Learned a level 2 spell: Sticks to Snakes
   608 | D:1      | Reached XP level 3. HP: 22/23 MP: 6/6
   743 | D:1      | Learned a level 3 spell: Spider Form
  1462 | D:2      | Found an ornate altar of the Wu Jian Council.
  1467 | D:2      | Reached skill level 3 in Transmutations
  1687 | D:2      | Reached XP level 4. HP: 25/28 MP: 5/7
  3016 | D:2      | HP: 1/28 [gnoll/+0 whip (12)]
  3330 | D:3      | Reached XP level 5. HP: 15/33 MP: 6/9
  3689 | D:3      | Noticed Terence
  3709 | D:3      | Killed Terence
  4109 | D:4      | Found a staircase to the Ecumenical Temple.
  4115 | Temple   | Entered the Ecumenical Temple
  4282 | Temple   | Became a worshipper of Cheibriados the Contemplative
  4395 | D:4      | Found a bloodstained altar of Trog.
  4402 | D:4      | Found a shattered altar of Ashenzari.
  4481 | D:4      | Reached skill level 4 in Transmutations
  4481 | D:4      | Reached XP level 6. HP: 38/38 MP: 8/10
  4911 | D:5      | Entered Level 5 of the Dungeon
  5777 | D:5      | Reached * piety under Cheibriados
  5882 | D:5      | Reached XP level 7. HP: 43/43 MP: 10/12
  6060 | D:6      | Noticed Pikel
  6512 | D:5      | Killed Pikel
  6512 | D:5      | Reached skill level 5 in Transmutations
  6512 | D:5      | Reached XP level 8. HP: 12/48 MP: 10/14
  6957 | D:6      | Reached skill level 5 in Unarmed Combat
  6957 | D:6      | Reached skill level 6 in Transmutations
  7088 | D:6      | Noticed Blork the orc
  7096 | D:6      | Killed Blork the orc
  8619 | D:6      | Reached skill level 5 in Dodging
  8891 | D:7      | Reached skill level 7 in Transmutations
  9031 | D:7      | Reached ** piety under Cheibriados
  9211 | D:7      | Noticed a hippogriff
  9217 | D:7      | Reached XP level 9. HP: 46/53 MP: 16/16
  9224 | D:7      | Noticed Harold
  9330 | D:7      | Reached skill level 5 in Spellcasting
 10237 | D:7      | Reached skill level 8 in Transmutations
 11035 | D:7      | Killed Harold
 11330 | D:7      | Learned a level 5 spell: Blade Hands
 11334 | D:7      | Learned a level 3 spell: Ozocubu's Armour
 11339 | D:7      | Learned a level 4 spell: Ice Form
 11712 | D:8      | Noticed Maggie
 11724 | D:8      | Killed Maggie
 11771 | D:8      | Reached skill level 9 in Transmutations
 11771 | D:8      | Reached XP level 10. HP: 45/58 MP: 18/18
 11878 | D:8      | Noticed Grum
 11908 | D:8      | Reached *** piety under Cheibriados
 12011 | D:8      | Killed Grum
 12333 | D:8      | Reached skill level 1 in Ice Magic
 12425 | D:8      | Noticed Gastronok
 12810 | D:8      | Reached skill level 1 in Invocations
 12843 | D:8      | Found an ancient bone altar of Kikubaaqudgha.
 12893 | D:8      | Killed Gastronok
 13038 | D:8      | Noticed Psyche
 13046 | D:8      | Paralysed by Psyche for 2 turns
 13049 | D:8      | Killed Psyche
 13643 | D:9      | Found a flagged portal.
 13674 | Bailey   | Entered a bailey
 13706 | D:9      | HP: 1/58 [vampire (8)]
 13707 | D:9      | Mangled by a vampire

Illustrated notes

Levels and vault maps discovered:
D:1:      psy_arrival_conway, layout_loops_ring
D:2:      minmay_evil_eye, layout_loops_corners, nicolae_overflow_crystal_walls,
          hangedman_decor_opposing, chequers_hall_statues_wall_a
D:3:      cheibrodos_helix_gallery, layout_rooms, first_ration, uniq_terence
D:4:      layout_cave_pools, minitemple, minmay_temple_entry_wispy,
          roderic_lattice_a
D:5:      layout_gridville, minivault_19, minivault_14, minmay_between
D:6:      layout_basic, uniq_pikel, uniq_blork_the_orc
D:7:      layout_layer_cave, uniq_harold
D:8:      layout_gridville, marbit_many_paths, uniq_grum, uniq_maggie,
          uniq_gastronok, uniq_psyche
D:9:      layout_stronghold, enter_bailey_6, serial_shops, nicolae_shop_stone,
          minmay_misc_feat_cross
Temple:   dpeg_five_rooms_temple

Skill      XL: |  1  2  3  4  5  6  7  8  9 10 |
---------------+-------------------------------+-----
Transmutations | 3 4 5 7 9 |  9.3
Dodging        | 3 4 5 6 7 |  7.3
Spellcasting   | 3 4 5 6 |  6.1
Unarmed Combat | 4 5 6 7 |  7.7
Ice Magic      | 3 |  3.9
Invocations    | 2 |  2.9
Fighting       | |  1.0

Action                   |  1- 3 |  4- 6 |  7- 9 | 10-12 || total
-------------------------+-------+-------+-------+-------++-------
Melee: Unarmed           |    93 |   123 |   229 |   114 ||   559
       Constrict         |    19 |    34 |    26 |    11 ||    90
       Tentacles         |     8 |    26 |    30 |    16 ||    80
       Punch             |     2 |     3 |     7 |     3 ||    15
       Kick              |     3 |    26 |    34 |     4 ||    67
Throw: Dart              |       |    17 |     6 |       ||    23
 Cast: Beastly Appendage |     5 |    17 |    16 |     1 ||    39
       Sticks to Snakes  |       |     4 |    27 |     7 ||    38
       Spider Form       |       |       |    13 |     9 ||    22
       Ozocubu's Armour  |       |       |       |     1 ||     1
       Blade Hands       |       |       |       |     1 ||     1
 Abil: End Transformatio |       |       |       |     1 ||     1
  Use: Scroll            |       |       |     6 |     6 ||    12
 Stab: Sleeping          |     7 |     5 |     2 |     5 ||    19
       Distracted        |       |       |       |     2 ||     2
  Eat: Chunk             |     2 |    11 |     6 |     4 ||    23
       Ration            |       |     1 |     1 |       ||     2
Armor: Skin              |    16 |     4 |    17 |    11 ||    48
Dodge: Dodged            |    62 |    86 |   246 |   113 ||   507
